Cogmind - Beta 15 @@@ ROGUE MODE // 2025.05.28 @ 23:15:05 Player: celerysam Result: Destroyed by Q8-BGG(R) with Subdweller Machine Gun Performance ------------- Evolutions (0) 0 Regions Visited (2) 400 Robots Destroyed (22) 110 Value Destroyed (477) 477 Prototype IDs (1) 20 Alien Tech Used (0) 0 Bonus (0) 0 TOTAL SCORE: 1007 Bonus ------- None Cogmind --------- Core Integrity 0/250 Matter 143/300 Energy 225/250 System Corruption 0% Temperature Cool (40) Movement Core (900) Ox17 Location -10/Subcaves Parts ------- > --- POWER (1) -------- Ion Engine > --- PROPULSION (2) --- (None) > --- UTILITY (2) ------ High-capacity Storage Unit Structural Scanner > --- WEAPON (2) ------- Beam Rifle Advanced Beam Cannon > --- INVENTORY (20) --- Light Ion Engine Light Treads Aluminum Leg Aluminum Leg Subdweller Monowheel Heat Sink Small Storage Unit Weight Redist. System Terrain Scan Processor ECM Suite EM Shotgun EM Shotgun Beam Rifle Particle Gun Light Assault Rifle Grenade Launcher Datajack Mining Laser Hammer Peak State ------------ > --- POWER ------------ Ion Engine > --- PROPULSION ------- Compact Wheel Compact Wheel > --- UTILITY ---------- Heat Sink High-capacity Storage Unit > --- WEAPON ----------- Advanced Beam Cannon Advanced Beam Cannon > --- INVENTORY -------- Light Ion Engine Light Treads Light Treads Aluminum Leg Aluminum Leg Small Storage Unit Weight Redist. System Terrain Scan Processor EM Shotgun Beam Rifle Beam Rifle Particle Gun Light Assault Rifle Light Assault Rifle Datajack [Rating: 13] Favorites ----------- Power Ion Engine Engine Ion Engine Propulsion Compact Wheel Treads Light Treads Leg Aluminum Leg Wheel Compact Wheel Utility High-capacity Storage Unit Device Structural Scanner Storage High-capacity Storage Unit Weapon Advanced Beam Cannon Energy Gun Beam Rifle Energy Cannon Advanced Beam Cannon Ballistic Gun Light Assault Rifle Launcher Grenade Launcher Impact Weapon Hammer Build | -11 -10 -10 ------- Run | Yrd Mat Sub Slots Evolved . | . . . Power . | . . . Propulsion . | . . . Utility . | . . . Weapon . | . . . Parts Attached 21 | 6 12 3 Power 1 | 1 . . Engine 1 | 1 . . Core . | . . . Reactor . | . . . Propulsion 6 | 2 3 1 Treads 2 | . 1 1 Leg 2 | 2 . . Wheel 2 | . 2 . Hover . | . . . Flight . | . . . Utility 4 | 1 3 . Device 2 | . 2 . Storage 2 | 1 1 . Processor . | . . . Hackware . | . . . Protection . | . . . Artifact . | . . . Weapon 10 | 2 6 2 Energy Gun 1 | . . 1 Energy Cannon 5 | . 5 . Ballistic Gun 2 | 2 . . Ballistic Cannon . | . . . Launcher 1 | . . 1 Special Weapon . | . . . Impact Weapon 1 | . 1 . Slashing Weapon . | . . . Piercing Weapon . | . . . Special Melee Weapon . | . . . Unidentified Prototypes 1 | . 1 . Parts Lost 5 | . 1 4 Power . | . . . Propulsion 3 | . 1 2 Utility . | . . . Weapon 2 | . . 2 Highest Loss Streak 2 | . 1 2 To Critical Strikes . | . . . Average Backups 17 | 4 16 19 Power . | . 1 1 Propulsion 3 | 3 3 2 Utility 3 | . 3 5 Weapon 8 | . 7 9 Tool/Special . | . . . Unused Backups 12 | . . 12 Power 1 | . . 1 Propulsion 1 | . . 1 Utility 3 | . . 3 Weapon 6 | . . 6 Tool/Special 1 | . . 1 Average Slot Usage (%) 98 | . 98 97 Engine 14 | . 14 14 Treads 7 | . 3 12 Leg 2 | . 4 . Wheel 16 | . 19 13 Device 13 | . 13 14 Storage 14 | . 14 14 Energy Cannon 19 | . 19 18 Ballistic Gun 2 | . 5 . Impact Weapon 4 | . 3 6 Peak Build Rating 13 | 6 13 13 Average Rating 11 | 3 11 12 On Entrance 6 | . 6 13 Naked Turns . | . . . Heaviest Build 54 | 12 54 54 Greatest Support 32 | 20 32 20 Greatest Overweight (x) 3 | . 3 3 Average Overweight (x) 2 | . 1 2 Largest Inventory Capacity 20 | 8 20 20 Average Capacity 18 | 6 18 20 Most Carried 20 | 7 20 20 Average Carried 17 | 4 16 19 Final Capacity 20 | 8 20 20 Final Carried 20 | 6 20 19 Class Distribution -------------------- 100% | Mutant Dominant Class ---------------- Mutant | -10/Materials Mutant | -10/Subcaves Resources | -11 -10 -10 ----------- Run | Yrd Mat Sub Matter Collected 431 | 185 88 158 Remotely . | . . . Salvage Created 597 | . 361 236 Parts 45 | . 27 18 Haulers Intercepted 1 | . 1 . Recyclers Shooed . | . . . Parts Field Recycled . | . . . Retrieved Matter . | . . . Parts Self-Destructed 11 | . . 11 Prevented . | . . . Kills | -11 -10 -10 ------- Run | Yrd Mat Sub Combat Hostiles Destroyed 18 | . 11 7 Guns 7 | . 6 1 Cannons 11 | . 5 6 Classes Destroyed 8 | . 6 2 Worker 1 | . 1 . Builder 1 | . 1 . Hauler 1 | . 1 . Watcher 1 | . 1 . Swarmer 9 | . 9 . Grunt 2 | . 2 . Sentry 1 | . . 1 Subdweller 6 | . . 6 Best Kill Streak 4 | . 4 2 Combat Bots Only 3 | . 3 2 Max Kills in Single Turn 1 | . 1 1 Gunslinging . | . . . Exploded . | . . . Melee . | . . . Uniques/NPCs Destroyed . | . . . Combat | -11 -10 -10 -------- Run | Yrd Mat Sub Hostile Shots Fired 141 | . 76 65 Missed 40 | . 20 20 Hits 101 | . 56 45 Projectile 101 | . 56 45 AOE 4 | . . 4 Damage Taken 1373 | . 475 898 Core 250 | . 94 156 Absorbed by Shields . | . . . Core Remaining (%) 100 | 100 . . Volleys Fired 85 | . 51 34 Largest 2 | . 2 2 Hottest 136 | . 136 136 Shots Fired 158 | . 97 61 Gun 61 | . 53 8 Cannon 89 | . 44 45 Launcher 8 | . . 8 Special . | . . . Kinetic 53 | . 53 . Thermal 97 | . 44 53 Explosive 8 | . . 8 Electromagnetic . | . . . Robot Hit Streak 14 | . 6 14 Robot Miss Streak 5 | . 5 4 Penetration Max . | . . . Secondary Targets . | . . . Shots Hit Robots 93 | . 50 43 Core Hits 36 | . 21 15 Critical Kills . | . . . Critical Parts Destroyed . | . . . Critical Strikes . | . . . Melee Attacks 36 | . 11 25 Impact 36 | . 11 25 Slashing . | . . . Piercing . | . . . Sneak Attacks . | . . . Combat Hostiles . | . . . Follow-up Attacks . | . . . Damage Inflicted 1813 | . 708 1105 Guns 300 | . 215 85 Cannons 1150 | . 493 657 Explosions 363 | . . 363 Melee . | . . . Ramming . | . . . Kinetic 215 | . 215 . Thermal 1235 | . 493 742 Explosive 363 | . . 363 Electromagnetic . | . . . Impact . | . . . Slashing . | . . . Piercing . | . . . Highest Corruption . | . . . Average Corruption . | . . . Corruption Purged . | . . . Corruption Blocked . | . . . Overload Shots . | . . . Overflow Damage 11 | . 11 . Projectiles 11 | . 11 . Explosions . | . . . Melee . | . . . Knockbacks . | . . . Impact . | . . . Kinetic . | . . . Secondary . | . . . Self-Inflicted Damage . | . . . Shots . | . . . Rammed . | . . . Targets Rammed . | . . . Kicked . | . . . Crushed . | . . . Highest Temperature 315 | . 315 42 Average Temperature 79 | . 119 16 Received Heat Transfer 285 | . 66 219 Effects 3 | . 3 . Interference 3 | . 3 . Siege Activations . | . . . Martial Activations . | . . . Shielding Activations . | . . . Robots Disrupted . | . . . Combat Hostiles . | . . . Robots Corrupted . | . . . Combat Hostiles . | . . . Parts Fried . | . . . Impact Corruptions . | . . . Robots Melted . | . . . Combat Hostiles . | . . . Parts Melted 1 | . . 1 Heat Transferred 2294 | . 888 1406 Parts Sabotaged . | . . . Parts Stolen . | . . . Parts Stripped . | . . . Power Chain Reactions . | . . . Alert | -11 -10 -10 ------- Run | Yrd Mat Sub Maximum Alert Level . | . . . Low Security (%) 100 | 100 100 . Level 1 . | . . . Level 2 . | . . . Level 3 . | . . . Level 4 . | . . . Level 5 . | . . . High Security . | . . . Max Security . | . . . Peak Influence 162 | . 162 . Initial . | . . . Average 60 | . 64 . Influence Increases 423 | . 358 65 Destroy 0b10 Robot/C 240 | . 220 20 Destroy 0b10 Robot/NC 20 | . 20 . Destroy Leader 44 | . 44 . Successful Hack 5 | . 5 . Disable Machine 15 | . 15 . Destroy Structure 9 | . 9 . Lose Combat Pursuer 90 | . 45 45 Influence Decreases 423 | . 358 65 Time Decay 413 | . 348 65 Lost Part 10 | . 10 . Squads Dispatched 2 | . 2 . Investigation . | . . . Extermination . | . . . Reinforcement 2 | . 2 . Assault . | . . . Garrison . | . . . Intercept . | . . . Searches Triggered . | . . . Construction Impeded . | . . . Haulers Reinforced . | . . . Active Scanning Responses . | . . . Cargo Convoy Interrupts . | . . . Stealth | -11 -10 -10 --------- Run | Yrd Mat Sub Distress Signals 1 | . 1 . Communications Jammed . | . . . Distress Signals . | . . . Times Spotted 33 | . 19 14 Peak Tracking Total 8 | . 8 7 Tactical Retreats 3 | . 2 1 Traps | -11 -10 -10 ------- Run | Yrd Mat Sub Traps Triggered . | . . . Indirectly . | . . . Trap Hack Attempts . | . . . Triggered . | . . . Disarmed . | . . . Reprogrammed . | . . . Reused . | . . . Traps Extracted . | . . . Installed . | . . . Triggered . | . . . Machines | -11 -10 -10 ---------- Run | Yrd Mat Sub Machines Disabled 1 | . 1 . Max in Single Turn 1 | . 1 . Machines Repaired . | . . . Machines Dismantled . | . . . Machines Sabotaged . | . . . Overloaded Fab Kills . | . . . Hacking | -11 -10 -10 --------- Run | Yrd Mat Sub Machines Accessed 1 | . 1 . Terminals 1 | . 1 . Fabricators . | . . . Repair Stations . | . . . Recycling Units . | . . . Scanalyzers . | . . . Garrison Access . | . . . Total Hacks 2 | . 2 . Successful 1 | . 1 . Failed 1 | . 1 . Catastrophic . | . . . Database Lockouts . | . . . Manual 2 | . 2 . Terminals 2 | . 2 . Fabricators . | . . . Repair Stations . | . . . Recycling Units . | . . . Scanalyzers . | . . . Garrison Access . | . . . Terminal Hacks . | . . . Fabricator Hacks . | . . . Repair Station Hacks . | . . . Recycling Unit Hacks . | . . . Scanalyzer . | . . . Garrison Access Hacks . | . . . Unauthorized Hacks 1 | . 1 . Terminals 1 | . 1 . Botnet 1 | . 1 . Fabricators . | . . . Repair Stations . | . . . Recycling Units . | . . . Scanalyzers . | . . . Garrison Access . | . . . Data Cores Recovered . | . . . Used . | . . . Hacking Detections . | . . . Full Trace Events . | . . . Feedback Events . | . . . Feedback Blocked . | . . . Robot Schematics Acquired . | . . . Robots Built . | . . . Authchips . | . . . Time . | . . . Total Robot Build Rating . | . . . Part Schematics Acquired . | . . . Parts Built . | . . . Authchips . | . . . Time . | . . . Total Part Build Rating . | . . . Parts Repaired . | . . . Time . | . . . Parts Recycled . | . . . Recycled Matter . | . . . Retrieved Matter . | . . . Retrieved Components . | . . . Parts Scanalyzed . | . . . Part Schematics Acquired . | . . . Parts Damaged . | . . . Bothacking | -11 -10 -10 ------------ Run | Yrd Mat Sub Used RIF Installer . | . . . Robots Hacked . | . . . Non-combat . | . . . Combat . | . . . Robot Hacks Applied . | . . . Relay Couplers Released . | . . . Fabnet Peak Effective % . | . . . Robots Rewired . | . . . Allies Hacked . | . . . Hacks Repelled . | . . . Allies | -11 -10 -10 -------- Run | Yrd Mat Sub Total Allies . | . . . Largest Group . | . . . Highest-Rated Group . | . . . Highest-Rated Ally . | . . . Total Orders . | . . . Ally Attacks . | . . . Total Damage . | . . . Kills . | . . . Allies Corrupted . | . . . Allies Melted . | . . . Intel | -11 -10 -10 ------- Run | Yrd Mat Sub Active Infowar (turns) 1054 | . 147 907 Structural 1054 | . 147 907 Robot Analysis Total . | . . . Derelict Logs Recovered 1 | . . 1 Drone Launches . | . . . Drone Recoveries . | . . . Exploration | -11 -10 -10 ------------- Run | Yrd Mat Sub Turns Passed 1939 | 69 963 907 Spaces Moved 1078 | 54 540 484 Core 18 | 18 . . Treads 15 | . 8 7 Legs 91 | 36 55 . Wheels 954 | . 477 477 Hover . | . . . Flight . | . . . Fastest Speed 50 | 50 100 145 Average Speed 134 | 96 126 147 Slowest Speed 320 | 120 320 320 Overloaded Moves . | . . . Propulsion Burnouts . | . . . Robots Hopped . | . . . Potential Cave-ins . | . . . Cave-ins Triggered . | . . . Exploration Rate (%) 40 | 4 78 40 Regions Visited 2 Branch Regions 1 Pre-discovered Areas 1 | . . 1 Known Exits Taken . | . . . Unknown Exits Taken 2 | 1 1 . Scrap Searched . | . . . Spaces Dug 11 | . 9 2 Terrain Destroyed 44 | . 9 35 Melee 10 | . 8 2 Projectile 1 | . 1 . AOE 33 | . . 33 Terrain Rammed . | . . . Walls Destroyed . | . . . Machines Disabled . | . . . Actions | -11 -10 -10 --------- Run | Yrd Mat Sub Total 1352 | 68 713 571 Wait 94 | 2 75 17 Move 1076 | 53 539 484 Hop . | . . . Pick Up 28 | 7 20 1 Fast Attach 5 | 5 . . Attach 9 | 1 5 3 Detach 1 | . . 1 Swap 14 | . 8 6 Drop 4 | . 4 . Fire 85 | . 51 34 Melee 36 | . 11 25 Ram . | . . . Kick . | . . . Crush . | . . . Escape Stasis . | . . . Rewire . | . . . Trap . | . . . Miscellaneous . | . . . Route ------- -11/Scrapyard -10/Materials (discovered 5 exits: [*Mat x2] / [*Min x2] / [*Sub]) -10/Subcaves (discovered 1 exit: [*Mat]) History --------- Turn | Location | Event 5 | -11/Scrapyard | Discovered new exit (range 15) 70 | -11/Scrapyard | Entered Materials 330 | -10/Materials | Build established: Mutant 333 | -10/Materials | Discovered new exit (range 11) 344 | -10/Materials | Discovered new exit (range 16) 411 | -10/Materials | Discovered new exit (range 11) 815 | -10/Materials | Discovered new exit (range 3) 995 | -10/Materials | Discovered new exit (range 6) 1033 | -10/Materials | Entered Subcaves 1051 | -10/Subcaves | Learned Materials non-interactive machine intel 1158 | -10/Subcaves | A swath of the cavern ceiling suddenly collapsed 1267 | -10/Subcaves | Discovered new exit (range 5) 1380 | -10/Subcaves | Core integrity fell below 50% 1852 | -10/Subcaves | Learned location of Zion (-6) 1852 | -10/Subcaves | Met a Zionite searching for "candidates" 1923 | -10/Subcaves | Visited 4L-MR0's lab 1933 | -10/Subcaves | Core integrity fell below 20% 1940 | -10/Subcaves | Destroyed by Q8-BGG(R) with Subdweller Machine Gun Last Messages --------------- to Scrap Shield. 01558_ Flight Unit fries itself beyond repair. 01597_ Subatomizers dissect the Disposable Heat Sink. 01605_ KJ-Z06(u) builds Twisted Machinery. 01808_ N7-8E1(R) destroyed. 01811_ Adv. Beam Cannon destroyed. 01825_ Sub. Laser melted. 01825_ KC-Y44(R) destroyed. 01830_ Acquired Sub. Monowheel. 01831_ Acquired 43 matter. 01838_ PR-2JS(z): "She is not going to be happy we haven't found any suitable candidates yet." 01852_ PR-2JS(z): "Hey you! It's really dangerous down here, I feel that you could die at any moment. For your health and safety might I suggest a trip to Zion?" World map updated: -6/Zion. 01936_ Com. Wheel destroyed. 01936_ BY-432(R) destroyed. Map ----- +----------------------------------------------------+ | ????????????????????????????????? | | ????????????????????????????????? | | ????????????????????????????????? | | ????????????????????????????????? | | ????????????????????????????????? | | ????????????????????????????????? | | ????????????????????????????????? | | ????????????????????????????????? | | ????????????????????????????????? | | ????????????????????????????????? | | ????????????????????????????????? | | ????????????????????????????????? | | ???????????????????????????#####? | | ????????????????######??########? | | ???????????????############# # ? | | ???####????????### ##### ???? | | ???########???### ????? | | ???##!#""##???### ## # ????? | | ???##"#""####### #### ##????? | | ???## ""#######" #### ###????? | | ???## X"### #"" ##?????? | | ???## ""### ######## | | ???##" "### ######## | | ???##"R%"### #" ## # | | ??#####R##### ## ## | | ??####